 Dungeon Crawl Stone Soup version 0.27-a0-1193-g8631133 (webtiles) character file.

Game seed: 6379084621224065306

65 Meow the Stinger (level 4, 36/36 HPs)
             Began as a Naga Venom Mage on May 25, 2021.
             Quit the game on level 2 of the Dungeon.
             The game lasted 00:04:13 (1193 turns).

Meow the Stinger (Naga Venom Mage)                  Turns: 1193, Time: 00:04:14

Health: 36/36      AC:  2    Str: 11    XL:     4   Next: 14%
Magic:  1/10       EV:  9    Int: 16    God:
Gold:   25         SH:  5    Dex: 11    Spells: 4/11 levels left

rFire    . . .     SeeInvis +   a - +0 dagger (speed)
rCold    . . .     Faith    .   (no shield)
rNeg     . . .     Spirit   .   c - +0 robe
rPois    +         Reflect  +   (no helmet)
rElec    .         Harm     .   (no cloak)
rCorr    .         Rampage  .   (no gloves)
Will     .....                  (no barding)
Stlth    ++........             g - amulet of reflection
HPRegen  0.12/turn              (no ring)
MPRegen  0.12/turn              (no ring)

@: short of breath, very slow
A: AC +1, large, see invisible, deformed body, poison resistance, slowness 2,
spit poison 1, naga tail 1
a: Spit Poison


You were on level 2 of the Dungeon.
You visited 1 branch of the dungeon, and saw 2 of its levels.

You collected 25 gold pieces.

Inventory:

Hand Weapons
 a - a +0 dagger of speed (weapon)
Missiles
 d - 13 arrows
 h - 27 stones (quivered)
Armour
 c - a +0 robe (worn)
Jewellery
 g - an amulet of reflection (around neck)
Scrolls
 b - a scroll of identify {unknown}
 f - 2 scrolls of fog {unknown}
Potions
 e - a potion of heal wounds {unknown}


   Skills:
 - Level 1.5 Dodging
 - Level 3.0 Stealth
 + Level 4.0 Spellcasting
 - Level 1.0 Transmutations
 - Level 4.0 Poison Magic


You had 4 spell levels left.
You knew the following spells:

 Your Spells              Type           Power      Damage    Failure   Level
a - Sting                 Tmut/Pois      44%        1d5       6%          1
c - Mephitic Cloud        Conj/Pois/Air  7%         N/A       28%         3
C - Ignite Poison         Fire/Tmut/Pois 8%         N/A       26%         3

Your spell library contained the following spells:

 Spells                   Type           Power      Damage    Failure   Level
 Poisonous Vapours        Pois/Air       18%        N/A       11%         2
 Olgreb's Toxic Radiance  Pois           16%        N/A       32%         4


Dungeon Overview and Level Annotations

Branches:
Dungeon (2/15)

Altars:


Innate Abilities, Weirdness & Mutations

Your serpentine skin is tough. (AC +1)
You have supernaturally acute eyesight. (SInv)
Armour fits poorly on your strangely shaped body.
Your system is resistant to poisons. (rPois)
You cover ground very slowly.
You can spit poison.
You have a snake-like lower body.


Message History

The gnoll cries.
Unknown command.
The gnoll is engulfed in noxious fumes.
The gnoll appears confused.
The gnoll is engulfed in noxious fumes.
The gnoll appears confused.
You have got your breath back.
Press: ? - help, Shift-Dir - straight line, f/p - gnoll
Aim: a gnoll, wielding a +0 spear (heavily wounded, confused)
The splash of poison hits the gnoll.
The gnoll is almost dead.
Unknown command.
The gnoll gestures wildly.
The gnoll mumbles something.
You have got your breath back.
Press: ? - help, Shift-Dir - straight line, f/p - gnoll
Aim: a gnoll, wielding a +0 spear (almost dead, confused)
The splash of poison hits the gnoll.
The gnoll is poisoned.
You kill the gnoll!
Unknown command.
Casting: Mephitic Cloud (extremely dangerous; 30% risk of failure)
Confirm with . or Enter, or press ? or * to list all spells.
The spell is extremely dangerous to cast (30% risk of failure)!
Continue anyway?
Aiming: Mephitic Cloud (extremely dangerous; 30% risk of failure)
Press: ? - help, Shift-Dir - straight line The ball explodes into a vile cloud!
The stinking cloud engulfs the gnoll but does no damage.
The gnoll is engulfed in noxious fumes.
The gnoll appears confused.
Unknown command.
Unknown command.
The gnoll is engulfed in noxious fumes. x2
You have got your breath back.
Press: ? - help, Shift-Dir - straight line, f - gnoll
Aim: a gnoll, wielding a +0 halberd (moderately wounded, confused)
The splash of poison hits the gnoll!
The gnoll is poisoned.
The gnoll is almost dead.
Unknown command.
You feel a bit more experienced.
Your Spellcasting skill increases to level 4!
You have reached level 4!
You feel stronger.
Are you sure you want to abandon this character and quit the game? (Confirm with "yes".)

#.#.#.#.##.# #
#.#.#.#.#...
##.##.#.#.#.#..#
#.........#.#..#
#.....#.#..####
#.#...........
#########)#.#..#####
#.......#g#........#
##.####.#.#.#@.....#
#.# #.#g#.#......#
#.# #.#.#.#......#
#.# #.#g#g#......+
#.# #.#.#.#.#....#
#.# #.#.#g#.#....#
#.# #.#...#.#....#
#.# #.#####.######
#.# #.#####.#


There were no monsters in sight!

Vanquished Creatures
  3 gnolls (D:2)
  A dart slug (D:1)
  2 bats (D:1)
  2 endoplasms (D:1)
  2 giant cockroaches
  3 hobgoblins (D:1)
  2 jackals (D:1)
  A quokka (D:2)
  3 ball pythons (D:1)
  3 frilled lizards (D:1)
  5 goblins (D:1)
  4 kobolds (D:1)
  5 rats (D:1)
36 creatures vanquished.

Notes
Turn   | Place    | Note
-------+----------+-------------------------------------------
     0 | D:1      | Meow the Naga Venom Mage began the quest for the Orb.
     0 | D:1      | Reached XP level 1. HP: 15/15 MP: 3/3
    92 | D:1      | Reached XP level 2. HP: 22/22 MP: 3/5
   505 | D:1      | Reached XP level 3. HP: 28/28 MP: 5/7
  1003 | D:1      | Learned a level 3 spell: Mephitic Cloud
  1007 | D:1      | Learned a level 3 spell: Ignite Poison
  1193 | D:2      | Reached XP level 4. HP: 36/36 MP: 1/10
  1193 | D:2      | Quit the game

Illustrated notes

Levels and vault maps discovered:
D:1:      minmay_arrival_four_circles, layout_basic, corner_web_ring,
          minmay_pentomino_u4
D:2:      minmay_general_purpose_star, layout_basic

Skill      XL: |  1  2  3 |
---------------+----------+-----
Spellcasting   | 3 4 |  4.0
Dodging        | |  1.5
Stealth        | |  3.0
Transmutations | |  1.0
Poison Magic   | |  4.0

Action                   |  1- 3 |  4- 6 || total
-------------------------+-------+-------++-------
Melee: Short sword       |     3 |       ||     3
       Dagger            |     3 |       ||     3
Throw: Stone             |     2 |       ||     2
 Cast: Sting             |    22 |       ||    22
       Mephitic Cloud    |     3 |       ||     3
 Abil: Spit Poison       |    36 |       ||    36
Armor: Robe              |     2 |       ||     2
Dodge: Dodged            |     7 |       ||     7
Block: Other             |     1 |       ||     1

Table legend: (Time is in decaauts)
 A = Elapsed time spent in this place.
 B = Non-inter-level travel time spent in this place.
 C = Inter-level travel time spent in this place.
 D = Time resting spent in this place.
 E = Time spent auto-exploring this place.
 F = Levels seen in this place.
 G = Mean time per level.
                   A        B        C        D        E       F      G
               +--------+--------+--------+--------+--------+-----+--------+
         Total |   1562 |   1515 |     47 |    116 |   1090 |   2 |  781.0 |
       Dungeon |   1562 |   1515 |     47 |    116 |   1090 |   2 |  781.0 |
               +--------+--------+--------+--------+--------+-----+--------+

Top non-repeatable levels by time:
     D:1: 1357 daAuts
     D:2: 204 daAuts
